 Dungeon Sprint DCSS version 0.17-a0-1718-g72dbe4d (webtiles) character file.

265950 Kidiri the Minotaur Barricade (level 20, -9/216 HPs)
             Began as a Minotaur Fighter on Aug 24, 2015.
             Was the Champion of Okawaru.
             Killed from afar by a Hell Sentinel (32 damage)
             ... with an iron shot
             ... in the Dungeon (Sprint VII: "The Pits").
             The game lasted 00:57:52 (8874 turns).

Kidiri the Minotaur Barricade (Minotaur Fighter)    Turns: 8874, Time: 00:57:53

Health: -9/216     AC: 46    Str: 43    XL:     20   Next: 2%
Magic:  31/36      EV: 21    Int:  3    God:    Okawaru [******]
Gold:   41         SH: 30    Dex: 12    Spells: 0 memorised, 19 levels left

rFire  + + .     SeeInvis +     B - +8 mithril axe "Arga" {speed, MR+ Str+2}
rCold  + . .     Clarity  .     w - +1 crystal plate armour
rNeg   + . .     SustAt   .     g - +0 large shield
rPois  +         Gourm    .     (helmet restricted)
rElec  +         Spirit   .     v - +2 cloak {rPois}
rCorr  +         Warding  .     t - +2 pair of gloves {Str+3}
rMut   .         NoTele   +     b - +2 pair of boots {Fly}
MR     ++...                    J - amulet of Sloth {rCorr *Drain Str+10 Int-4 SInv}
Stlth  ..........               N - ring "Sejuac" {+Inv rN+ Str+3 Int+4 Stlth-}
                                M - ring of Springtime {rElec rPois rC+ Str-3}

@: heroism, finesse, very resistant to hostile enchantments, extremely
unstealthy
A: retaliatory headbutt, horns 2, slimy green scales 1, deterioration 1, dopey
1, fire resistance 2
a: Heroism, Finesse, Renounce Religion, Evoke Invisibility, Evoke Flight


You were in the Dungeon.
You worshipped Okawaru.
Okawaru was exalted by your worship.
You were not hungry.

You visited 1 branch You collected 41 gold pieces.

Inventory:

Hand weapons
 a - a +6 morningstar of holy wrath
 B - the +8 mithril axe "Arga" (weapon) {speed, MR+ Str+2}
   (Okawaru gifted it to you in the Dungeon)

   Attacks with this weapon are significantly faster.
   It affects your strength (+2).
   It affects your resistance to hostile enchantments.
Armour
 b - a +2 pair of boots of flying (worn)
 g - a +0 large shield (worn)
 r - a +2 gold dragon armour
 t - a +2 pair of gloves of strength (worn)
 v - a +2 cloak of poison resistance (worn)
 w - a +1 crystal plate armour (worn)
Jewellery
 J - the amulet of Sloth (around neck) {rCorr *Drain Str+10 Int-4 SInv}
   (You found it in the Dungeon)

   [amulet of resist corrosion]

   It protects you from acid and corrosion.
   It affects your strength (+10).
   It affects your intelligence (-4).
   It lets you see invisible.
   It causes draining when unequipped.
 M - the ring of Springtime (left hand) {rElec rPois rC+ Str-3}
   (You found it in the Dungeon)

   [ring of protection from cold]

   It affects your strength (-3).
   It protects you from cold.
   It insulates you from electricity.
   It protects you from poison.
 N - the ring "Sejuac" (right hand) {+Inv rN+ Str+3 Int+4 Stlth-}
   (You found it in the Dungeon)

   [ring of positive energy]

   It affects your strength (+3).
   It affects your intelligence (+4).
   It protects you from negative energy.
   It lets you turn invisible.
   It makes you less stealthy.
Magical devices
 y - a wand of slowing (39)
 F - a wand of hasting (4)
 S - a wand of hasting (5)
 T - a wand of heal wounds (5)
 U - a wand of paralysis (11)
Scrolls
 c - 2 scrolls of enchant weapon
 k - 2 scrolls of blinking
 o - 6 scrolls of remove curse
 p - 5 scrolls of amnesia
 q - a scroll of summoning
 z - 3 scrolls of identify
 C - 5 scrolls of recharging
 E - 5 scrolls of fog
Potions
 f - 13 potions of curing
 h - 6 potions of haste
 i - 4 potions of magic
 j - 7 potions of berserk rage
 n - 2 potions of invisibility
 s - 3 potions of brilliance
 u - 3 potions of agility
 D - 6 potions of might
 O - 3 potions of cure mutation
 P - 3 potions of resistance
Comestibles
 d - 14 chunks of flesh
 e - 7 bread rations
 l - 40 fruits
 m - 11 meat rations


   Skills:
 O Level 27 Fighting
 O Level 27 Axes
 O Level 27 Maces & Flails
 + Level 26.6(27) Throwing
 O Level 27 Armour
 O Level 27 Dodging
 O Level 27 Shields
 O Level 27 Invocations


You had 19 spell levels left.
You didn't know any spells.

Dungeon Overview and Level Annotations

Branches:
Dungeon (1/1)

Altars:
Ashenzari
Cheibriados
Dithmenos
Elyvilon
Fedhas
Gozag
Kikubaaqudgha
Makhleb
Nemelex Xobeh
Okawaru
Qazlal
Ru
Sif Muna
Trog
Vehumet
Xom
Yredelemnul
Zin
The Shining One
Beogh
Jiyva
Lugonu


Innate Abilities, Weirdness & Mutations

You reflexively headbutt those who attack you in melee.
You have a pair of horns on your head.
You are partially covered in slimy green scales (AC +2).
Your body sometimes deteriorates upon taking damage.
You are dopey. (Int -2)
Your flesh is very heat resistant.


Message History

You feel agile.
You feel your strength returning.
You slash the Hell Sentinel!
The Hell Sentinel is lightly wounded.
You block the Hell Sentinel's attack. x2
You slash the Hell Sentinel!
The Hell Sentinel is lightly wounded.
Unknown command.
You slash the Hell Sentinel!
The Hell Sentinel is moderately wounded.
You slice the Hell Sentinel!! Your headbutt misses the Hell Sentinel.
The Hell Sentinel is heavily wounded.
You are struck by the Hell Sentinel's spines.
* * * LOW HITPOINT WARNING * * *
You slash the Hell Sentinel!
You headbutt the Hell Sentinel, but do no damage.
The Hell Sentinel is heavily wounded.
The Hell Sentinel gestures at you. The iron shot hits you!
You die...

####################
###### ### ### ###
#.+#.###)###.###.##
####...'.(.#...+...+
#.###.###(###)###.##
##+.#'#.##'.##+.###.
#.(.#÷..#...#[..#..
###.###.+##[÷##.##+.
#.#@#.###.#'#.#+#.#+
#1['# ###.###.###.
#...+ #...'.).#..
##.## ##'.'##.(#'.
### #.###.###(#' ##+
###.###. +.)((..
#+.##() #.###.##


You could see a Hell Sentinel.

Vanquished Creatures
  Antaeus (D)
  Asmodeus (D)
  the Serpent of Hell (D)
  5 ancient liches (D)
  Lom Lobon (D)
  Dispater (D)
  An orb of fire (D)
  Mara (D)
  Mennas (D)
  2 pandemonium lords (D)
  2 greater mummies (D)
  the Lernaean hydra (D)
  Margery (D)
  2 curse toes (D)
  A golden dragon (D)
  2 pearl dragons (D)
  2 Brimstone Fiends (D)
  3 electric golems (D)
  5 hellephants (D)
  Rupert (D)
  2 tentacled monstrosities (D)
  2 titans (D)
  4 Hell Sentinels (D)
  A deep elf blademaster (D)
  5 deep elf master archers (D)
  2 Executioners (D)
  An eldritch tentacle (D)
  Polyphemus (D)
  4 sphinxes (D)
  An acid blob (D)
  A shadow dragon (D)
  An azure jelly (D)
  3 storm dragons (D)
  A daeva (D)
  4 greater nagas (D)
  3 orc warlords (D)
  An iron dragon (D)
  2 frost giants (D)
  2 balrugs (D)
  A fire giant (D)
  2 deep elf sorcerers (D)
  A draconian scorcher (D)
  A draconian shifter (D)
  A ghost moth (D)
  An emperor scorpion (D)
  2 spriggan defenders (D)
  A draconian annihilator (D)
  An apis (D)
  2 green draconians (D)
  3 lorocyprocas (D)
  2 black draconians (D)
  A deep elf demonologist (D)
  A dire elephant (D)
  A mottled draconian (D)
  A red draconian (D)
  2 purple draconians (D)
  2 deep elf annihilators (D)
  An eidolon (D)
  A blizzard demon (D)
  An ettin (D)
  2 mummy priests (D)
  2 green deaths (D)
  7 vault guards (D)
  A deep elf high priest (D)
  2 yaktaur captains (D)
  A death ooze (D)
  A great orb of eyes (D)
  3 ice dragons (D)
  3 naga warriors (D)
  3 spriggan air magi (D)
  A hydra (D)
  2 catoblepae (D)
  A centaur warrior (D)
  Erica (D)
  An ice dragon (shapeshifter) (D)
  An alligator snapping turtle (D)
  A merfolk aquamancer (D)
  2 dancing weapons (D)
  An ogre mage (D)
  4 death yaks (D)
  2 vampire magi (D)
  4 deep troll shamans (D)
  An orc high priest (D)
  A soul eater (D)
  2 spriggan berserkers (D)
  13 hell knights (D)
  Sonja (D)
  2 deep elf knights (D)
  3 fire crabs (D)
  4 iron trolls (D)
  A death drake (D)
  A shadow wraith (D)
  5 large abominations (D)
  3 ball lightnings (D)
  A cherub (D)
  An unseen horror (D)
  A spriggan druid (D)
  3 deep trolls (D)
  2 lindwurms (D)
  10 orc knights (D)
  A wizard (D)
  2 swamp dragons (D)
  2 flayed ghosts (D)
  A necromancer (D)
  A manticore (D)
  2 orc sorcerers (D)
  An ugly thing (D)
  3 elephants (D)
  2 wolf spiders (D)
  A griffon (D)
  A salamander (shapeshifter) (D)
  A hornet (D)
  2 rust devils (D)
  2 smoke demons (D)
  2 sixfirhies (D)
  Maurice (D)
  A spiny frog (D)
  An octopode (shapeshifter) (D)
  A guardian serpent (D)
  3 naga magi (D)
  A molten gargoyle (D)
  A tormentor (D)
  A komodo dragon (D)
  8 yaktaurs (D)
  A two-headed ogre (D)
  2 trolls (D)
  A wandering mushroom (D)
  2 blue devils (D)
  3 merfolk (D)
  A giant leech (D)
  2 wind drakes (D)
  3 blink frogs (D)
  A redback (D)
  A flying skull (D)
  An air elemental (D)
  2 water elementals (D)
  A shadow (D)
  A fire elemental (D)
  4 deep elf fighters (D)
  A wraith (D)
  Eustachio (D)
  A mottled dragon (D)
  A wyvern (D)
  A chaos spawn (D)
  5 golden eyes (D)
  A basilisk (D)
  4 nagas (D)
  A wolf (D)
  A soldier ant (D)
  A warg (D)
  A phantom (D)
  2 eyes of draining (D)
  2 porcupines (D)
  A sky beast (D)
  10 orc warriors (D)
  A swamp drake (D)
  A wasp (D)
  A necrophage (D)
  An ogre (D)
  A giant frog (D)
  An earth elemental (D)
  A small abomination (D)
  2 crimson imps (D)
  A quasit (D)
  An orc wizard (D)
  2 gnoll shamans (D)
  2 worker ants (D)
  2 mummies (D)
  A river rat (D)
  An adder (D)
  4 gnolls (D)
  2 giant eyeballs (D)
  An ufetubus (D)
  2 oozes (D)
  7 orcs (D)
  A bat (D)
  A bat skeleton (D)
  8 jackals (D)
  2 kobolds (D)
  A giant newt (D)
  A quokka zombie (D)
  A rat (D)
  A crawling corpse (D)
359 creatures vanquished.

Vanquished Creatures (others)
  A pandemonium lord (D)
  Nikola (D)
  A deep elf death mage (D)
  A deep elf high priest (D)
  3 ball lightnings (D)
  A giant eyeball (D)
  43 eldritch tentacle segments (D)
51 creatures vanquished.

Grand Total: 410 creatures vanquished

Notes
Turn   | Place    | Note
--------------------------------------------------------------
     0 | D        | Kidiri the Minotaur Fighter began the quest for the Orb.
     0 | D        | Reached XP level 1. HP: 19/19 MP: 0/0
    24 | D        | Noticed a worker ant
    32 | D        | Killed a worker ant
    32 | D        | Reached skill level 4 in Fighting
    32 | D        | Reached skill level 1 in Dodging
    32 | D        | Reached skill level 5 in Shields
    32 | D        | Reached XP level 2. HP: 10/27 MP: 1/1
    43 | D        | Found a sacrificial altar of Ru.
    43 | D        | Found a basalt altar of Yredelemnul.
    43 | D        | Found a shadowy altar of Dithmenos.
    43 | D        | Found a deep blue altar of Sif Muna.
    43 | D        | Found a burning altar of Makhleb.
    43 | D        | Found a shimmering altar of Xom.
    43 | D        | Found an ancient bone altar of Kikubaaqudgha.
    43 | D        | Found a sparkling altar of Nemelex Xobeh.
    44 | D        | Found a glowing golden altar of the Shining One.
    44 | D        | Found a bloodstained altar of Trog.
    44 | D        | Found a shattered altar of Ashenzari.
    44 | D        | Found a white marble altar of Elyvilon.
    44 | D        | Found a snail-covered altar of Cheibriados.
    44 | D        | Found a blossoming altar of Fedhas.
    44 | D        | Found a radiant altar of Vehumet.
    44 | D        | Found a glowing silver altar of Zin.
    44 | D        | Found a corrupted altar of Lugonu.
    44 | D        | Found a viscous altar of Jiyva.
    44 | D        | Found a roughly hewn altar of Beogh.
    44 | D        | Found an iron altar of Okawaru.
    50 | D        | Found a stormy altar of Qazlal.
    51 | D        | Found an opulent altar of Gozag.
    53 | D        | Became a worshipper of Warmaster Okawaru
   299 | D        | Reached skill level 5 in Armour
   299 | D        | Reached XP level 3. HP: 33/33 MP: 2/2
   317 | D        | Noticed a necrophage
   322 | D        | Reached skill level 1 in Invocations
   326 | D        | Killed a necrophage
   326 | D        | Reached skill level 5 in Fighting
   326 | D        | Reached skill level 6 in Axes
   326 | D        | Reached XP level 4. HP: 26/42 MP: 2/4
   528 | D        | Noticed a sky beast
   545 | D        | Killed a sky beast
   545 | D        | Acquired Okawaru's first power
   545 | D        | Reached skill level 7 in Axes
   545 | D        | Reached XP level 5. HP: 40/50 MP: 4/6
   549 | D        | Gained mutation: Your muscles are strong. (Str +2) [mutagenic meat]
   550 | D        | Gained mutation: You occasionally shout uncontrollably at your foes. [mutagenic meat]
   551 | D        | Gained mutation: You expend magic power (3 MP) to strengthen your wands. [mutagenic meat]
   552 | D        | Gained mutation: You have sharp toenails. [mutagenic meat]
   553 | D        | Lost mutation: Your muscles are strong. (Str +2) [mutagenic meat]
   554 | D        | Gained mutation: Your flesh is heat resistant. [mutagenic meat]
   556 | D        | Noticed a worker ant
   556 | D        | Noticed a deep elf fighter
   556 | D        | Noticed a deep elf fighter
   563 | D        | Noticed a deep elf fighter
   567 | D        | Killed a worker ant
   567 | D        | Reached skill level 8 in Armour
   576 | D        | Killed a deep elf fighter
   576 | D        | Reached XP level 6. HP: 38/58 MP: 5/8
   579 | D        | Killed a deep elf fighter
   579 | D        | Reached skill level 9 in Armour
   579 | D        | Reached skill level 5 in Dodging
   579 | D        | Paralysed by a giant eyeball for 4 turns
   592 | D        | Killed a deep elf fighter
   592 | D        | Reached XP level 7. HP: 42/66 MP: 6/9
   710 | D        | Noticed a giant leech
   748 | D        | Killed a giant leech
   748 | D        | Reached skill level 10 in Armour
   748 | D        | Reached skill level 10 in Shields
   748 | D        | Reached skill level 5 in Invocations
   755 | D        | Noticed a wolf
   755 | D        | Noticed a giant frog
   755 | D        | Noticed a gnoll shaman
   758 | D        | Killed a gnoll shaman
   758 | D        | Reached skill level 10 in Axes
   761 | D        | Killed a giant frog
   765 | D        | Killed a wolf
   765 | D        | Reached XP level 8. HP: 60/74 MP: 10/10
   777 | D        | Noticed a crimson imp
   777 | D        | Noticed a lindwurm
   779 | D        | Killed an unseen horror
   779 | D        | Reached skill level 11 in Axes
   783 | D        | Killed a crimson imp
   784 | D        | Killed a lindwurm
   784 | D        | Reached skill level 12 in Armour
   784 | D        | Reached XP level 9. HP: 53/83 MP: 10/12
   930 | D        | Noticed a porcupine
   931 | D        | Noticed a fire crab
   931 | D        | Noticed an orc warrior
   934 | D        | Killed a porcupine
   937 | D        | Killed a fire crab
   937 | D        | Acquired Okawaru's second power
   937 | D        | Received a gift from Okawaru
   943 | D        | Killed an orc warrior
   947 | D        | Got a transparent plate armour {god gift}
   958 | D        | Identified the +1 plate armour of the Peculiar Gods {MR+ Str+2} (Okawaru gifted it to you in the Dungeon)
   988 | D        | Noticed a two-headed ogre
   990 | D        | Noticed Maurice
   993 | D        | Killed a two-headed ogre
   994 | D        | Noticed an orc sorcerer
  1000 | D        | Killed Maurice
  1000 | D        | Reached skill level 13 in Armour
  1006 | D        | Killed an orc sorcerer
  1006 | D        | Reached skill level 10 in Fighting
  1056 | D        | Noticed a griffon
  1056 | D        | Noticed a quasit
  1061 | D        | Killed a griffon
  1061 | D        | Reached XP level 10. HP: 93/93 MP: 14/14
  1064 | D        | Killed a quasit
  1092 | D        | Noticed a crimson imp
  1097 | D        | Noticed Sonja
  1097 | D        | Noticed a wyvern
  1098 | D        | Killed a crimson imp
  1103 | D        | Killed Sonja
  1103 | D        | Killed a wyvern
  1120 | D        | Noticed a basilisk
  1126 | D        | Killed a basilisk
  1292 | D        | Noticed a blink frog
  1292 | D        | Noticed a blink frog
  1292 | D        | Noticed a blink frog
  1292 | D        | Noticed a soldier ant
  1296 | D        | Killed a soldier ant
  1296 | D        | Reached skill level 14 in Armour
  1299 | D        | Killed a blink frog
  1301 | D        | Killed a blink frog
  1307 | D        | Killed a blink frog
  1323 | D        | Noticed a wasp
  1323 | D        | Noticed a wraith
  1324 | D        | Noticed a smoke demon
  1324 | D        | Noticed a merfolk
  1325 | D        | Noticed a centaur warrior
  1326 | D        | Killed a wasp
  1328 | D        | Killed a wraith
  1329 | D        | Killed a smoke demon
  1330 | D        | Noticed a blue devil
  1333 | D        | Killed a blue devil
  1336 | D        | Killed a centaur warrior
  1345 | D        | Killed a merfolk
  1382 | D        | Noticed an earth elemental
  1382 | D        | Noticed a flying skull
  1382 | D        | Noticed Eustachio
  1382 | D        | Noticed a gnoll shaman
  1382 | D        | Noticed a porcupine
  1384 | D        | Noticed a guardian serpent
  1384 | D        | Noticed a spiny frog
  1385 | D        | Noticed a redback
  1387 | D        | Noticed a smoke demon
  1387 | D        | Killed a gnoll shaman
  1388 | D        | Noticed a shadow
  1390 | D        | Killed a porcupine
  1392 | D        | Killed a flying skull
  1395 | D        | Killed a redback
  1395 | D        | Reached skill level 15 in Armour
  1395 | D        | Reached skill level 10 in Dodging
  1395 | D        | Reached XP level 11. HP: 96/102 MP: 8/16
  1397 | D        | Killed an earth elemental
  1398 | D        | Killed a spiny frog
  1398 | D        | Reached skill level 15 in Shields
  1401 | D        | Killed a shadow
  1402 | D        | Killed Eustachio
  1402 | D        | Reached skill level 15 in Axes
  1404 | D        | Killed a smoke demon
  1410 | D        | Killed a guardian serpent
  1463 | D        | Gained mutation: You tend to lose your temper in combat. [potion of mutation]
  1463 | D        | Gained mutation: You are dopey. (Int -2) [potion of mutation]
  1463 | D        | Gained mutation: You are weak. (Str -2) [potion of mutation]
  1625 | D        | Noticed a swamp drake
  1632 | D        | Killed a swamp drake
  1647 | D        | Noticed Erica
  1647 | D        | Noticed a sixfirhy
  1647 | D        | Noticed a small abomination
  1653 | D        | Killed a small abomination
  1656 | D        | Killed a sixfirhy
  1659 | D        | Killed Erica
  1667 | D        | Noticed a troll
  1668 | D        | Noticed a rust devil
  1672 | D        | Killed a troll
  1676 | D        | Killed a rust devil
  1676 | D        | Received a gift from Okawaru
  1702 | D        | Noticed an orc warrior
  1703 | D        | Noticed an orc warrior
  1703 | D        | Noticed an orc high priest
  1705 | D        | Noticed an orc warrior
  1705 | D        | Noticed an orc warrior
  1710 | D        | Noticed an ogre
  1710 | D        | Noticed a phantom
  1710 | D        | Killed an orc warrior
  1714 | D        | Killed an orc high priest
  1718 | D        | Killed an orc warrior
  1718 | D        | Reached skill level 16 in Armour
  1719 | D        | Killed an orc warrior
  1722 | D        | Killed an orc warrior
  1724 | D        | Killed a phantom
  1725 | D        | Killed an ogre
  1781 | D        | Noticed a deep troll
  1781 | D        | Noticed a large abomination
  1781 | D        | Noticed a hornet
  1787 | D        | Killed a deep troll
  1791 | D        | Killed a large abomination
  1792 | D        | Killed a hornet
  1792 | D        | Reached skill level 10 in Invocations
  1819 | D        | Noticed a balrug
  1823 | D        | Killed a balrug
  1974 | D        | Noticed a troll
  1974 | D        | Noticed a komodo dragon
  1974 | D        | Noticed a fire dragon
  1974 | D        | Noticed an elephant
  1974 | D        | Noticed an elephant
  1974 | D        | Noticed a salamander
  1974 | D        | Noticed a chaos spawn
  1974 | D        | Noticed a wolf spider
  1975 | D        | Noticed a flayed ghost
  1982 | D        | Killed a wolf spider
  1984 | D        | Killed a chaos spawn
  1987 | D        | Noticed a naga mage
  1987 | D        | Killed an elephant
  1988 | D        | Noticed a lindwurm
  1990 | D        | Noticed an ice dragon
  1990 | D        | a fire dragon changed into an ice dragon
  1993 | D        | Killed an ice dragon
  1993 | D        | Received a gift from Okawaru
  1993 | D        | Reached XP level 12. HP: 113/113 MP: 11/18
  1993 | D        | Killed an elephant
  1993 | D        | Reached skill level 17 in Armour
  1993 | D        | a salamander changed into an octopode
  1996 | D        | Noticed a naga
  1996 | D        | Killed a komodo dragon
  1997 | D        | Noticed a molten gargoyle
  1997 | D        | Killed a naga
  2000 | D        | Noticed a swamp dragon
  2000 | D        | Noticed a flayed ghost
  2001 | D        | Noticed a yaktaur
  2002 | D        | Killed a swamp dragon
  2003 | D        | Noticed a sixfirhy
  2004 | D        | Noticed a four-headed hydra
  2006 | D        | Killed a yaktaur
  2007 | D        | Noticed a vampire mage
  2007 | D        | Noticed a mottled dragon
  2008 | D        | Killed a mottled dragon
  2011 | D        | Noticed an elephant
  2011 | D        | Killed a naga mage
  2013 | D        | Killed a flayed ghost
  2016 | D        | Killed a nine-headed hydra
  2016 | D        | Killed a vampire mage
  2016 | D        | Received a gift from Okawaru
  2017 | D        | Noticed a naga
  2017 | D        | Killed a naga
  2019 | D        | Killed a troll
  2021 | D        | Killed a sixfirhy
  2025 | D        | Killed a lindwurm
  2027 | D        | Killed an elephant
  2032 | D        | Killed a flayed ghost
  2032 | D        | Reached skill level 18 in Armour
  2039 | D        | Killed a molten gargoyle
  2050 | D        | Noticed a deep elf fighter
  2052 | D        | Killed a deep elf fighter
  2077 | D        | Killed a shadow wraith
  2083 | D        | Gained mutation: Scrolls take you a little longer to read. [mutagenic meat]
  2084 | D        | Lost mutation: You have sharp toenails. [mutagenic meat]
  2087 | D        | Gained mutation: Your flesh is very heat resistant. [mutagenic meat]
  2089 | D        | Gained mutation: You are partially covered in slimy green scales (AC +2). [mutagenic meat]
  2224 | D        | Noticed a large abomination
  2224 | D        | Noticed a catoblepas
  2224 | D        | Noticed a wind drake
  2224 | D        | Noticed a naga mage
  2224 | D        | Noticed a naga warrior
  2224 | D        | Noticed a naga
  2224 | D        | Noticed a naga
  2228 | D        | Killed a catoblepas
  2233 | D        | Killed a large abomination
  2238 | D        | Killed a wind drake
  2241 | D        | Killed a naga
  2243 | D        | Killed a naga mage
  2246 | D        | Killed a naga
  2246 | D        | Killed a lorocyproca
  2249 | D        | Killed a naga warrior
  2389 | D        | Noticed a wolf spider
  2389 | D        | Noticed a death yak
  2389 | D        | Noticed a death yak
  2389 | D        | Noticed a death yak
  2390 | D        | Noticed a death yak
  2390 | D        | Noticed an orc knight
  2390 | D        | Noticed an orc knight
  2390 | D        | Noticed an orc knight
  2390 | D        | Noticed an orc knight
  2391 | D        | Noticed an orc knight
  2391 | D        | Noticed an orc warlord
  2391 | D        | Noticed an orc warlord
  2391 | D        | Noticed an orc knight
  2391 | D        | Noticed an orc knight
  2392 | D        | Noticed an orc knight
  2394 | D        | Noticed a fire elemental
  2394 | D        | Killed a wolf spider
  2397 | D        | Killed a death yak
  2397 | D        | Reached XP level 13. HP: 111/124 MP: 13/20
  2399 | D        | Killed a death yak
  2401 | D        | Killed a death yak
  2404 | D        | Killed an orc knight
  2405 | D        | Killed an orc knight
  2405 | D        | Reached skill level 19 in Armour
  2406 | D        | Killed a death yak
  2410 | D        | Killed a fire elemental
  2411 | D        | Killed an orc knight
  2418 | D        | Killed an orc knight
  2420 | D        | Killed an orc knight
  2420 | D        | Killed an orc knight
  2421 | D        | Killed an orc warlord
  2423 | D        | Killed an orc warlord
  2423 | D        | Received a gift from Okawaru
  2426 | D        | Killed an orc knight
  2429 | D        | Killed an orc knight
  2450 | D        | Noticed a deep elf knight
  2453 | D        | Noticed a deep elf knight
  2457 | D        | Noticed a naga warrior
  2458 | D        | Noticed a vault guard
  2459 | D        | Noticed a vault guard
  2465 | D        | Noticed a deep elf blademaster
  2466 | D        | Killed a deep elf knight
  2473 | D        | Killed a naga warrior
  2477 | D        | Killed a vault guard
  2479 | D        | Killed a vault guard
  2479 | D        | Reached skill level 15 in Fighting
  2481 | D        | Killed a deep elf knight
  2481 | D        | Reached skill level 20 in Shields
  2488 | D        | Killed a deep elf blademaster
  2804 | D        | Noticed a yaktaur captain
  2804 | D        | Noticed a yaktaur
  2804 | D        | Noticed a yaktaur
  2805 | D        | Noticed a wizard
  2805 | D        | Noticed a vault guard
  2805 | D        | Noticed a naga warrior
  2805 | D        | Noticed a yaktaur
  2806 | D        | Noticed an orc knight
  2806 | D        | Noticed a shadow dragon
  2807 | D        | Killed a wizard
  2809 | D        | Noticed an orc knight
  2812 | D        | Killed a yaktaur
  2815 | D        | Killed a naga warrior
  2815 | D        | Received a gift from Okawaru
  2815 | D        | Killed a yaktaur
  2817 | D        | Killed an orc knight
  2821 | D        | Killed a vault guard
  2823 | D        | Killed an orc knight
  2829 | D        | Killed a yaktaur
  2830 | D        | Killed a shadow dragon
  2831 | D        | Killed a yaktaur captain
  2831 | D        | Received a gift from Okawaru
  2852 | D        | Got a ruby-encrusted ring mail {god gift}
  2866 | D        | Identified the +1 ring mail "Joor Uny" {+Inv Int+2 Dex+3} (Okawaru gifted it to you in the Dungeon)
  3110 | D        | Noticed a deep troll shaman
  3110 | D        | Noticed a wind drake
  3110 | D        | Noticed a rust devil
  3111 | D        | Noticed Rupert
  3111 | D        | Noticed a large abomination
  3114 | D        | Noticed a deep troll
  3115 | D        | Killed a deep troll shaman
  3115 | D        | Reached XP level 14. HP: 134/136 MP: 15/22
  3116 | D        | Killed a large abomination
  3117 | D        | Killed a rust devil
  3119 | D        | Noticed a deep troll shaman
  3119 | D        | Killed a wind drake
  3121 | D        | Noticed a deep troll
  3122 | D        | Noticed an iron troll
  3123 | D        | Noticed an iron troll
  3124 | D        | Noticed a merfolk
  3124 | D        | Noticed an alligator snapping turtle
  3125 | D        | Killed Rupert
  3125 | D        | Reached skill level 21 in Shields
  3127 | D        | Killed a deep troll
  3128 | D        | Noticed an ice dragon
  3129 | D        | Noticed a merfolk aquamancer
  3129 | D        | Noticed a merfolk
  3129 | D        | Noticed a deep troll shaman
  3131 | D        | Killed a deep troll shaman
  3134 | D        | Noticed a deep elf master archer
  3134 | D        | Killed a deep troll
  3135 | D        | Noticed a water elemental
  3137 | D        | Killed a lorocyproca
  3139 | D        | Killed a merfolk aquamancer
  3141 | D        | Noticed a deep troll shaman
  3141 | D        | Noticed a hell knight
  3144 | D        | Noticed a blue devil
  3145 | D        | Noticed an iron troll
  3154 | D        | Noticed a hell knight
  3155 | D        | Killed a deep troll shaman
  3156 | D        | Killed an alligator snapping turtle
  3159 | D        | Noticed Polyphemus
  3162 | D        | Killed a hell knight
  3163 | D        | Killed an iron troll
  3164 | D        | Killed a hell knight
  3165 | D        | Noticed a hell knight
  3165 | D        | Killed an iron troll
  3166 | D        | Noticed a catoblepas
  3168 | D        | Killed an ice dragon
  3170 | D        | Noticed a manticore
  3170 | D        | Noticed an iron troll
  3171 | D        | Noticed a necromancer
  3176 | D        | Killed a blue devil
  3178 | D        | Noticed a large abomination
  3178 | D        | Noticed an azure jelly
  3182 | D        | Killed a deep elf master archer
  3182 | D        | Received a gift from Okawaru
  3182 | D        | Reached skill level 15 in Dodging
  3184 | D        | Killed a merfolk
  3191 | D        | Killed an iron troll
  3191 | D        | Killed a water elemental
  3198 | D        | Killed a deep troll shaman
  3199 | D        | Killed a manticore
  3206 | D        | Killed Polyphemus
  3206 | D        | Received a gift from Okawaru
  3206 | D        | Reached skill level 22 in Armour
  3207 | D        | Noticed a water elemental
  3207 | D        | Noticed a hell knight
  3207 | D        | Noticed a hell knight
  3208 | D        | Noticed a hell knight
  3211 | D        | Noticed a green death
  3212 | D        | Noticed a yaktaur
  3213 | D        | Noticed a spriggan druid
  3214 | D        | Killed a necromancer
  3218 | D        | Noticed a greater naga
  3219 | D        | Killed a merfolk
  3225 | D        | Noticed an apis
  3226 | D        | Noticed a death drake
  3228 | D        | Killed an iron troll
  3232 | D        | Killed an azure jelly
  3234 | D        | Killed a hell knight
  3235 | D        | Noticed a warg
  3238 | D        | Noticed a dire elephant
  3240 | D        | Killed a hell knight
  3243 | D        | Killed a water elemental
  3244 | D        | Killed a spriggan druid
  3247 | D        | Killed a warg
  3254 | D        | Killed a green death
  3255 | D        | Noticed a wandering mushroom
  3255 | D        | Noticed a swamp dragon
  3257 | D        | Killed a dire elephant
  3260 | D        | Killed a large abomination
  3263 | D        | Killed a hell knight
  3271 | D        | Killed a death drake
  3274 | D        | Killed a greater naga
  3276 | D        | Killed a catoblepas
  3276 | D        | Received a gift from Okawaru
  3281 | D        | Killed a swamp dragon
  3282 | D        | Killed a hell knight
  3283 | D        | Killed an apis
  3283 | D        | Reached XP level 15. HP: 78/147 MP: 22/24
  3286 | D        | Killed a yaktaur
  3290 | D        | Killed a wandering mushroom
  3503 | D        | Noticed an orc warrior
  3505 | D        | Noticed an orc warrior
  3506 | D        | Noticed a cherub
  3514 | D        | Killed an orc warrior
  3516 | D        | Noticed an orc warlord
  3516 | D        | Noticed an orc warrior
  3517 | D        | Noticed Nikola
  3517 | D        | Noticed an orc wizard
  3517 | D        | Noticed an orc sorcerer
  3523 | D        | Killed an orc warrior
  3525 | D        | Killed an orc warrior
  3525 | D        | Reached skill level 23 in Shields
  3526 | D        | Noticed an ice dragon
  3527 | D        | Noticed a red draconian annihilator
  3527 | D        | Killed an orc warlord
  3528 | D        | Killed an orc wizard
  3530 | D        | Killed an orc sorcerer
  3534 | D        | Noticed an orc warrior
  3535 | D        | Noticed a spriggan defender
  3536 | D        | Killed Nikola
  3537 | D        | Noticed a spriggan air mage
  3537 | D        | Noticed a purple ugly thing
  3538 | D        | Noticed a fire giant
  3546 | D        | Noticed an orc warrior
  3549 | D        | Killed a cherub
  3549 | D        | Killed an orc warrior
  3554 | D        | Noticed a vault guard
  3554 | D        | Killed a spriggan defender
  3557 | D        | Noticed a yaktaur
  3557 | D        | Killed a spriggan air mage
  3557 | D        | Reached skill level 15 in Invocations
  3558 | D        | Noticed an eidolon
  3559 | D        | Noticed a yaktaur
  3559 | D        | Killed a purple ugly thing
  3560 | D        | Noticed a yaktaur captain
  3560 | D        | Killed an ice dragon
  3560 | D        | Killed a fire giant
  3560 | D        | Received a gift from Okawaru
  3564 | D        | Noticed a spriggan berserker
  3565 | D        | Killed a red draconian annihilator
  3566 | D        | Killed an orc warrior
  3573 | D        | Killed a spriggan berserker
  3574 | D        | Killed an eidolon
  3575 | D        | Noticed a yaktaur
  3579 | D        | Killed a vault guard
  3580 | D        | Noticed a flail of crushing
  3582 | D        | Killed a yaktaur
  3582 | D        | Killed a yaktaur
  3586 | D        | Killed a yaktaur captain
  3589 | D        | Killed a flail of crushing
  3594 | D        | Killed a yaktaur
  3599 | D        | Got the ring of Irghoud {rF+ Dex+2 Slay+2 SInv}
  3674 | D        | Gained mutation: You are resistant to hostile enchantments. [mutagenic meat]
  3675 | D        | Lost mutation: Scrolls take you a little longer to read. [mutagenic meat]
  3992 | D        | Noticed a naga mage
  3993 | D        | Noticed a greater naga
  3994 | D        | Noticed a hell knight
  3994 | D        | Noticed a hell knight
  3994 | D        | Noticed a hell knight
  3994 | D        | Noticed a hell knight
  3994 | D        | Noticed a hell knight
  3994 | D        | Noticed a red draconian
  3995 | D        | Noticed Margery
  3995 | D        | Noticed a hell knight
  3995 | D        | Noticed a hell knight
  3995 | D        | Noticed a deep elf sorcerer
  3995 | D        | Noticed an ogre mage
  3995 | D        | Noticed a sphinx
  3995 | D        | Paralysed by a giant eyeball for 2 turns
  3996 | D        | Noticed a greater naga
  3996 | D        | Noticed a purple draconian
  3997 | D        | Noticed a vampire mage
  3998 | D        | Noticed a sphinx
  3999 | D        | Killed a hell knight
  3999 | D        | Killed a naga mage
  4000 | D        | Noticed a black draconian
  4001 | D        | Killed a hell knight
  4001 | D        | Reached skill level 24 in Shields
  4002 | D        | Noticed a black draconian shifter
  4003 | D        | Noticed a deep elf high priest
  4005 | D        | Killed a deep elf sorcerer
  4006 | D        | Noticed a deep elf annihilator
  4009 | D        | Killed a hell knight
  4010 | D        | Noticed a deep elf demonologist
  4010 | D        | Killed a greater naga
  4011 | D        | Noticed a lorocyproca
  4011 | D        | Noticed a deep elf death mage
  4011 | D        | Paralysed by a giant eyeball for 2 turns
  4012 | D        | Noticed a ghost moth
  4016 | D        | Killed an ogre mage
  4018 | D        | Noticed a deep elf high priest
  4020 | D        | Killed a hell knight
  4024 | D        | Killed Margery
  4026 | D        | Killed a hell knight
  4027 | D        | Killed a sphinx
  4027 | D        | Received a gift from Okawaru
  4028 | D        | Noticed a mummy priest
  4029 | D        | Noticed a Shadow Fiend
  4030 | D        | Killed a purple draconian
  4035 | D        | Killed a hell knight
  4035 | D        | Killed a deep elf demonologist
  4036 | D        | Killed a black draconian shifter
  4039 | D        | Killed a red draconian
  4040 | D        | Killed a sphinx
  4040 | D        | Reached skill level 25 in Shields
  4046 | D        | Killed a greater naga
  4053 | D        | Killed a black draconian
  4054 | D        | Noticed a golden eye
  4060 | D        | Killed a ghost moth
  4063 | D        | Killed a vampire mage
  4063 | D        | Reached XP level 16. HP: 127/160 MP: 0/27
  4068 | D        | Killed a lorocyproca
  4071 | D        | Killed a hell knight
  4072 | D        | Killed a golden eye
  4074 | D        | Killed a deep elf annihilator
  4075 | D        | Noticed a black draconian
  4081 | D        | Killed a deep elf death mage
  4081 | D        | Killed a deep elf high priest
  4085 | D        | Killed a deep elf high priest
  4087 | D        | Killed a black draconian
  4088 | D        | Killed a mummy priest
  4186 | D        | Got a pitted hand axe {god gift}
  4187 | D        | Identified the +4 hand axe of Sadwe {chop, Int+3} (Okawaru gifted it to you in the Dungeon)
  4229 | D        | Got the ring of Saubb {rPois rF+}
  4231 | D        | Got the ring "Oneet" {+Blink rF+ Int-2 Dex+2 SInv}
  4233 | D        | Got the ring "Wit Ding" {rPois rF+ EV+6}
  4235 | D        | Got the ring of Duruinel {MR+ MP-9 Str+7 Dex+6}
  4239 | D        | Got the ring of Springtime {rElec rPois rC+ Str-3}
  4241 | D        | Got the ring "Sejuac" {+Inv rN+ Str+3 Int+4 Stlth-}
  4243 | D        | Got the ring "Juqahiax" {*Corrode Str+6 Int+5 Dex+6}
  4245 | D        | Got the ring "Ozith" {*Corrode rElec rPois Str+6 Dex+11}
  4247 | D        | Got the ring "Osohoaf" {rPois rF- rN+ AC+6 Stlth+}
  4249 | D        | Got the ring "Dirasmosm" {+Inv rPois rF+}
  4290 | D        | Lost mutation: You occasionally shout uncontrollably at your foes. [potion of cure mutation]
  4290 | D        | Lost mutation: You are resistant to hostile enchantments. [potion of cure mutation]
  4291 | D        | Lost mutation: You expend magic power (3 MP) to strengthen your wands. [potion of cure mutation]
  4291 | D        | Lost mutation: You are weak. (Str -2) [potion of cure mutation]
  4291 | D        | Lost mutation: You tend to lose your temper in combat. [potion of cure mutation]
  4298 | D        | Got the amulet "Isomuarph" {Stasis Slay+2}
  4300 | D        | Got the amulet "Lugruizalu" {MR+ Regen+ Str+2}
  4302 | D        | Got the amulet of Reimbursement {Regen+ Str+6 Dex+4 Slay-5 Stlth+}
  4304 | D        | Got the amulet "Mougrol" {rMut Str+4 Int+2 Dex+3}
  4306 | D        | Got the amulet "Dasimyliargh" {Gourm rN++ Int+5}
  4308 | D        | Got the amulet "Rimp" {Spirit rElec rF+ MP+9}
  4334 | D        | Got the amulet of Askomi {rMut rN++}
  4336 | D        | Got the amulet "Cutiok" {rMut Int+3}
  4338 | D        | Got the amulet "Horhasocs" {+Rage +Fly}
  4340 | D        | Got the ring of Gixae {rF+ Stlth+}
  4342 | D        | Got the amulet of Sloth {rCorr *Drain Str+10 Int-4 SInv}
  4345 | D        | Got the amulet of Xijust {Inacc SInv}
  4347 | D        | Got the amulet "Libo" {rCorr rPois}
  4516 | D        | Noticed an iron dragon
  4525 | D        | Killed an iron dragon
  4529 | D        | Noticed an electric golem
  4534 | D        | Killed an electric golem
  4543 | D        | Noticed a storm dragon
  4551 | D        | Killed a storm dragon
  4551 | D        | Received a gift from Okawaru
  4562 | D        | Noticed a Hell Sentinel
  4572 | D        | Killed a Hell Sentinel
  4575 | D        | Noticed a hellephant
  4584 | D        | Killed a hellephant
  4584 | D        | Reached skill level 26 in Armour
  4797 | D        | Noticed a storm dragon
  4797 | D        | Noticed a green draconian
  4797 | D        | Noticed Dispater
  4797 | D        | Noticed a greater naga
  4797 | D        | Noticed a balrug
  4797 | D        | Noticed a mottled draconian
  4801 | D        | Killed a mottled draconian
  4811 | D        | Killed a balrug
  4812 | D        | Killed a green draconian
  4813 | D        | Noticed a Shadow Fiend
  4816 | D        | Noticed a Shadow Fiend
  4821 | D        | Killed a storm dragon
  4831 | D        | Killed a Shadow Fiend
  4833 | D        | Killed a Shadow Fiend
  4853 | D        | Killed Dispater
  4863 | D        | Killed a greater naga
  5043 | D        | Noticed a pearl dragon
  5048 | D        | Killed a pearl dragon
  5051 | D        | Noticed a black draconian scorcher
  5056 | D        | Killed a black draconian scorcher
  5058 | D        | Noticed Lom Lobon
  5062 | D        | Reached skill level 27 in Shields
  5098 | D        | Killed Lom Lobon
  5098 | D        | Received a gift from Okawaru
  5098 | D        | Reached skill level 27 in Axes
  5098 | D        | Reached skill level 27 in Armour
  5487 | D        | Noticed a blizzard demon
  5492 | D        | Killed a blizzard demon
  5495 | D        | Noticed an Executioner
  5497 | D        | Killed an Executioner
  5500 | D        | Noticed an ice dragon
  5506 | D        | Killed an ice dragon
  5658 | D        | Noticed a spriggan air mage
  5658 | D        | Noticed an Executioner
  5659 | D        | Noticed a frost giant
  5660 | D        | Noticed a mummy priest
  5662 | D        | Killed an Executioner
  5662 | D        | Received a gift from Okawaru
  5662 | D        | Reached XP level 17. HP: 174/176 MP: 22/29
  5669 | D        | Killed a mummy priest
  5672 | D        | Killed a frost giant
  5674 | D        | Killed a spriggan air mage
  5891 | D        | Noticed an electric golem
  5892 | D        | Noticed a Brimstone Fiend
  5894 | D        | Noticed a sphinx
  5894 | D        | Noticed a golden eye
  5894 | D        | Noticed a tentacled monstrosity
  5899 | D        | Killed a Brimstone Fiend
  5900 | D        | Noticed a tormentor
  5905 | D        | Killed a golden eye
  5910 | D        | Killed a tentacled monstrosity
  5911 | D        | Noticed a purple draconian
  5911 | D        | Noticed a Hell Sentinel
  5912 | D        | Noticed a green death
  5913 | D        | Killed a sphinx
  5916 | D        | Killed a tormentor
  5924 | D        | Killed an electric golem
  5942 | D        | Killed a green death
  5946 | D        | Killed a Hell Sentinel
  5951 | D        | Killed a purple draconian
  6307 | D        | Noticed an emperor scorpion
  6307 | D        | Noticed an air elemental
  6309 | D        | Killed an air elemental
  6318 | D        | Noticed a green draconian
  6319 | D        | Killed an emperor scorpion
  6323 | D        | Killed a green draconian
  6324 | D        | Noticed a great orb of eyes
  6326 | D        | Killed a great orb of eyes
  6349 | D        | Noticed a mace of draining
  6349 | D        | Noticed a hellephant
  6350 | D        | Noticed a daeva
  6351 | D        | Killed a mace of draining
  6366 | D        | Killed a hellephant
  6376 | D        | Killed a daeva
  6416 | D        | Noticed a golden eye
  6419 | D        | Noticed an ancient lich
  6419 | D        | Noticed a death ooze
  6420 | D        | Noticed a golden eye
  6422 | D        | Killed a golden eye
  6422 | D        | Received a gift from Okawaru
  6427 | D        | Killed a golden eye
  6429 | D        | Noticed a tentacled monstrosity
  6429 | D        | Noticed a tentacled monstrosity
  6432 | D        | Killed a death ooze
  6441 | D        | Killed a tentacled monstrosity
  6449 | D        | Killed an ancient lich
  6449 | D        | Received a gift from Okawaru
  6507 | D        | Noticed a soul eater
  6507 | D        | Noticed a tentacled monstrosity
  6507 | D        | Noticed a frost giant
  6507 | D        | Noticed Mara
  6519 | D        | Killed Mara
  6520 | D        | Killed a tentacled monstrosity
  6520 | D        | Killed a soul eater
  6522 | D        | Killed a frost giant
  6539 | D        | Noticed a storm dragon
  6539 | D        | Noticed a sphinx
  6539 | D        | Noticed a vault guard
  6539 | D        | Noticed a hellephant
  6543 | D        | Killed a storm dragon
  6546 | D        | Killed a sphinx
  6553 | D        | Killed a vault guard
  6562 | D        | Killed a hellephant
  6562 | D        | Received a gift from Okawaru
  6624 | D        | Noticed Mennas
  6624 | D        | Noticed a salamander
  6624 | D        | Noticed a golden eye
  6626 | D        | Killed a golden eye
  6627 | D        | Noticed a spriggan defender
  6627 | D        | Noticed a vault guard
  6631 | D        | Killed a salamander
  6634 | D        | Killed a spriggan defender
  6649 | D        | Killed Mennas
  6656 | D        | Killed a vault guard
  6656 | D        | Reached XP level 18. HP: 193/199 MP: 32/32
  6664 | D        | Got the amulet "Kezye" {Clar +Blink rElec MP+9 Dex-4}
  6666 | D        | Got the ring of Toconk {rN+ AC-2 Slay+6}
  6668 | D        | Got the ring of Ungux {Ice -Tele rPois SInv}
  6670 | D        | Got the ring "Lodatoase" {rN+ MP+9}
  6672 | D        | Got the ring of Xom's Generosity {SustAt *Corrode Int+2 Dex+3 Slay+2 Stlth+}
  6674 | D        | Got the ring of Tugg {AC-2 Int+3}
  6676 | D        | Got the amulet "Maown" {*Corrode rElec Regen+ SInv Stlth-}
  6678 | D        | Got the ring "Cef Fun" {rElec rF++ AC+2}
  6799 | D        | Noticed an ettin
  6799 | D        | Noticed a fire crab
  6799 | D        | Noticed a vault guard
  6799 | D        | Noticed a deep elf annihilator
  6800 | D        | Noticed a fire crab
  6800 | D        | Killed a fire crab
  6805 | D        | Killed a fire crab
  6807 | D        | Killed an ettin
  6807 | D        | Reached skill level 27 in Fighting
  6810 | D        | Killed a vault guard
  6815 | D        | Killed a deep elf annihilator
  7064 | D        | Noticed a spriggan berserker
  7065 | D        | Killed a spriggan berserker
  7067 | D        | Noticed an eye of draining
  7069 | D        | Killed an eye of draining
  7073 | D        | Noticed a deep elf master archer
  7078 | D        | Killed a deep elf master archer
  7082 | D        | Noticed a deep elf sorcerer
  7089 | D        | Killed a deep elf sorcerer
  7097 | D        | Noticed an electric golem
  7109 | D        | Killed an electric golem
  7119 | D        | Noticed the 27-headed Lernaean hydra
  7132 | D        | Killed the 26-headed Lernaean hydra
  7295 | D        | Noticed a curse toe
  7304 | D        | Killed a curse toe
  7624 | D        | Noticed a deep elf master archer
  7630 | D        | Killed a deep elf master archer
  7635 | D        | Noticed a Hell Sentinel
  7645 | D        | Killed a Hell Sentinel
  7645 | D        | Reached skill level 27 in Dodging
  7650 | D        | Noticed Asmodeus
  7683 | D        | Noticed a Brimstone Fiend
  7685 | D        | Killed Asmodeus
  7685 | D        | Received a gift from Okawaru
  7685 | D        | Reached skill level 27 in Invocations
  7685 | D        | Reached skill level 5 in Maces & Flails
  8019 | D        | Noticed an acid blob
  8019 | D        | Noticed Afahept the pandemonium lord
  8019 | D        | Noticed an ancient lich
  8038 | D        | Killed Afahept the pandemonium lord
  8038 | D        | Reached skill level 10 in Maces & Flails
  8042 | D        | Killed an ancient lich
  8042 | D        | Received a gift from Okawaru
  8048 | D        | Killed an acid blob
  8051 | D        | Noticed a hellephant
  8059 | D        | Killed a hellephant
  8059 | D        | Received a gift from Okawaru
  8059 | D        | Reached skill level 15 in Maces & Flails
  8059 | D        | Reached skill level 10 in Throwing
  8115 | D        | Noticed the Serpent of Hell
  8139 | D        | Killed the Serpent of Hell
  8145 | D        | Noticed Enumol the pandemonium lord
  8158 | D        | Killed Enumol the pandemonium lord
  8317 | D        | Noticed Kireelaj the pandemonium lord
  8334 | D        | Killed Kireelaj the pandemonium lord
  8334 | D        | Reached XP level 19. HP: 121/207 MP: 28/35
  8539 | D        | Noticed a curse toe
  8539 | D        | Noticed a deep elf master archer
  8544 | D        | Killed a curse toe
  8547 | D        | Killed a deep elf master archer
  8547 | D        | Reached skill level 15 in Throwing
  8548 | D        | Noticed an ancient lich
  8552 | D        | Killed an ancient lich
  8568 | D        | Noticed an eye of draining
  8568 | D        | Noticed Antaeus
  8584 | D        | Noticed a deep elf master archer
  8613 | D        | Killed Antaeus
  8613 | D        | Received a gift from Okawaru
  8617 | D        | Killed an eye of draining
  8621 | D        | Killed a deep elf master archer
  8621 | D        | Received a gift from Okawaru
  8717 | D        | Noticed a Hell Sentinel
  8724 | D        | Killed a Hell Sentinel
  8730 | D        | Noticed a greater mummy
  8741 | D        | Killed a greater mummy
  8741 | D        | Reached skill level 27 in Maces & Flails
  8750 | D        | Noticed an orb of fire
  8753 | D        | Gained mutation: Your body sometimes deteriorates upon taking damage. [an orb of fire]
  8757 | D        | Noticed a titan
  8757 | D        | Killed an orb of fire
  8759 | D        | Noticed an ancient lich
  8766 | D        | Killed a titan
  8769 | D        | Killed an ancient lich
  8769 | D        | Received a gift from Okawaru
  8769 | D        | Received a gift from Okawaru
  8786 | D        | Noticed an ancient lich
  8796 | D        | Killed an ancient lich
  8796 | D        | Received a gift from Okawaru
  8817 | D        | Noticed a titan
  8826 | D        | Killed a titan
  8841 | D        | Noticed a pearl dragon
  8841 | D        | Noticed a hellephant
  8841 | D        | Noticed a greater mummy
  8841 | D        | Noticed a golden dragon
  8841 | D        | Noticed a spriggan air mage
  8847 | D        | Killed a pearl dragon
  8852 | D        | Killed a golden dragon
  8854 | D        | Killed a spriggan air mage
  8860 | D        | Killed a greater mummy
  8862 | D        | Noticed a Brimstone Fiend
  8864 | D        | Killed a hellephant
  8865 | D        | Noticed a Hell Sentinel
  8870 | D        | Killed a Brimstone Fiend
  8870 | D        | Reached XP level 20. HP: 31/216 MP: 31/36
  8874 | D        | Killed from afar by a Hell Sentinel

Vault maps used:
D:        pitsprint

Action                   |  1- 3 |  4- 6 |  7- 9 | 10-12 | 13-15 | 16-18 | 19-21 || total
-------------------------+-------+-------+-------+-------+-------+-------+-------++-------
Melee: War axe           |    24 |    55 |    45 |       |       |       |       ||   124
       Broad axe         |       |       |    26 |   218 |   337 |   560 |   140 ||  1281
Invok: Heroism           |       |     1 |     2 |     8 |     5 |    17 |     3 ||    36
       Finesse           |       |       |     1 |     6 |     6 |    15 |     3 ||    31
 Abil: Stop Flying       |       |       |       |       |     1 |       |       ||     1
  Use: Potion            |       |       |     7 |     1 |    10 |     9 |     2 ||    29
       Scroll            |       |       |       |     5 |       |     3 |       ||     8
 Stab: Petrified         |       |       |       |       |     7 |       |       ||     7
       Petrifying        |       |       |       |       |     4 |       |       ||     4
  Eat: Chunk             |       |     6 |     1 |    15 |    11 |     4 |     2 ||    39
       Beef jerky        |       |       |       |       |     1 |       |       ||     1
       Bread ration      |       |       |       |       |       |     3 |       ||     3
